Map: Ruines de Seras

Players

MAAPK

  • Race: Zerg Zerg
  • League: Diamond

Senryakku - Winner!

  • Race: Terran Terran
  • League: Diamond

VOD

Have the link to the VOD?

Description

Time

  • Played on: Nov. 30, 2015, 7:37 p.m.
  • Length: 13:27
Show
View Real Time Build Order
Export as new Build Order

MAAPK Zerg 

Build Orders: Pool First, Roach Nydus 

Get SALT Encoding   

  12  0:01  Drone  
  13  0:12  Drone  
  14  0:32  Spawning Pool  
  14  0:34  Drone  
  14  0:40  Overlord  
  14  0:59  Drone x3  
  17  1:15  Drone, Extractor  
  17  1:19  Queen  
  17  1:21  Drone  
  20  1:32  Drone  
  21  1:44  Extractor  
  21  1:45  Drone  
  21  2:00  Hatchery  
  19  2:11  Drone x2  
  21  2:18  Lair  
  21  2:23  Overlord  
  21  2:34  Drone  
  22  2:42  Overlord  
  22  2:51  Drone x3  
  25  3:03  Roach Warren  
  24  3:06  Drone x3  
  27  3:17  Queen  
  29  3:24  Drone  
  29  3:25  Drone  
  31  3:38  Nydus Network, Overseer  
  30  3:43  Overlord  
  30  3:52  Overlord  
  30  3:58  Queen  
  32  4:04  Drone x2  
  34  4:22  Queen  
  36  4:26  Roach  
  36  4:28  Roach  
  40  4:31  Roach  
  40  4:34  Queen  
  40  4:36  Roach  
  46  4:46  Roach x2  
  46  4:47  Roach  
  46  4:52  Overlord  
  52  4:56  Roach  
  49  5:08  Roach x2  
  53  5:21  Nydus Canal  
  53  5:27  Roach x3  
  42  6:12  Roach x4  
  44  6:50  Spore Crawler  
  14  8:19  Drone x5  
  19  8:53  Drone x2  
  21  9:01  Drone  
  22  9:12  Drone  
  21  9:34  Drone x2  
  23  9:53  Queen  
  21  10:11  Drone x2  
  21  10:12  Drone  
  16  10:37  Drone x6  
  22  11:02  Drone x4  
  26  11:04  Queen  
  26  11:08  Glial Reconstitution  
  28  11:23  Metabolic Boost  
  28  11:34  Spore Crawler  
  27  11:51  Queen  
  29  12:02  Roach x3  
  29  12:03  Roach x2  
  41  12:13  Roach  
  39  12:27  Queen  
  41  12:31  Zergling x6  
Show
View Real Time Build Order
Export as new Build Order

Senryakku Terran - Winner!

Build Orders: Hellion Banshee 

Get SALT Encoding   

  12  0:03  SCV  
  13  0:15  SCV  
  13  0:19  Supply Depot  
  14  0:28  SCV  
  15  0:40  SCV  
  16  0:48  Barracks  
  16  0:52  SCV  
  17  1:04  SCV  
  18  1:16  SCV  
  19  1:34  Orbital Command  
  19  1:35  Marine  
  20  1:40  Command Center  
  20  1:52  Marine  
  21  1:56  Refinery  
  21  1:58  Refinery  
  21  2:06  SCV  
  22  2:08  Supply Depot  
  22  2:12  Marine  
  23  2:30  SCV  
  24  2:40  Bunker  
  24  2:43  Factory  
  24  2:49  SCV  
  24  2:50  Barracks Reactor  
  25  2:52  Orbital Command  
  25  3:01  SCV  
  26  3:12  Supply Depot  
  26  3:13  SCV  
  26  3:18  SCV  
  28  3:29  Starport  
  28  3:31  Starport  
  28  3:33  SCV  
  29  3:37  SCV  
  29  3:38  Refinery  
  29  3:39  Hellion x2  
  34  3:45  SCV  
  34  3:46  Refinery  
  35  3:50  SCV  
  36  3:57  SCV  
  36  4:00  Supply Depot  
  36  4:02  SCV  
  38  4:05  Hellion x2  
  42  4:10  Starport Tech Lab  
  42  4:11  Starport Tech Lab  
  42  4:15  SCV  
  43  4:22  SCV  
  44  4:25  Supply Depot  
  44  4:28  Hellion x2  
  48  4:35  Cloaking Field  
  48  4:38  SCV x2  
  50  4:43  Banshee  
  50  4:45  Banshee  
  56  5:08  SCV x2  
  56  5:09  Hellion  
  56  5:10  Hellion  
  56  5:11  Supply Depot  
  62  5:33  Supply Depot, Engineering Bay  
  62  5:35  Engineering Bay  
  58  5:41  Banshee x2  
  52  5:55  Widow Mine x2  
  56  6:06  Marine  
  54  6:18  SCV, Orbital Command  
  53  6:24  Banshee, Hellion  
  48  6:42  Hellion  
  48  6:46  Hellion  
  41  7:17  SCV x2  
  27  7:32  SCV x2  
  27  7:34  Barracks  
  26  7:44  SCV  
  26  7:48  SCV  
  20  7:54  Orbital Command  
  20  7:56  SCV  
  11  8:08  SCV  
  10  8:21  Marine  
  10  8:23  SCV, Factory  
  10  8:26  SCV  
  10  8:33  Bunker  
  10  8:35  SCV  
  10  8:38  SCV  
  10  8:40  Marine  
  13  8:47  SCV  
  14  8:50  SCV  
  15  8:58  Marine  
  15  8:59  SCV  
  17  9:08  Factory Tech Lab  
  17  9:11  Starport  
  17  9:12  SCV  
  18  9:24  SCV  
  18  9:27  SCV  
  18  9:29  Siege Tank  
  21  9:32  Marine  
  21  9:37  SCV  
  23  9:40  SCV  
  23  9:49  SCV  
  22  9:54  SCV  
  21  10:13  Banshee  
  24  10:20  SCV x2  
  24  10:32  Factory Tech Lab, SCV  
  25  10:36  Marine  
  25  10:39  Liberator  
  25  10:41  SCV  
  27  10:44  SCV  
  28  10:53  SCV  
  28  10:56  SCV  
  33  11:04  Siege Tank, Marine  
  33  11:06  SCV  
  33  11:08  SCV  
  39  11:15  Command Center  
  39  11:17  Starport  
  39  11:19  Refinery  
  39  11:20  SCV  
  39  11:21  Refinery x2  
  39  11:22  Refinery  
  41  11:32  SCV, Marine  
  41  11:36  Siege Tank  
  41  11:39  Banshee  
  48  11:45  SCV  
  49  11:56  Starport Tech Lab  
  49  11:59  Supply Depot  
  49  12:26  Siege Tank, Marine  
  49  12:27  Banshee x2  
  49  12:29  SCV x2, Orbital Command  
  55  13:02  Marine  
Tags
 
Add a new tag
Caveats
  • Supply blocks, unpowered buildings, or Contaminate may cause inaccurate times.
  • Supply counts are checked every 10 seconds.